 Dungeon Crawl Stone Soup version 0.27.0-1-g7a089689b8 (webtiles) character file.

Game seed: 4441325175495857464

1736 Spaninq the Insei (level 8, -3/63 HPs)
             Began as a Demonspawn Monk on Aug 8, 2021.
             Was an Elder of Nemelex Xobeh.
             Slain by a cyclops (19 damage)
             ... on level 7 of the Dungeon.
             The game lasted 00:15:50 (8830 turns).

Spaninq the Insei (Demonspawn Monk)                 Turns: 8830, Time: 00:15:50

Health: -3/63      AC: 11    Str: 14    XL:     8   Next: 76%
Magic:  12/12      EV:  8    Int: 11    God:    Nemelex Xobeh [****..]
Gold:   242        SH:  0    Dex: 16    Spells: 7/7 levels left

rFire    . . .     SeeInvis .     - Unarmed
rCold    + . .     Faith    .   (no shield)
rNeg     . . .     Spirit   .   d - +1 chain mail
rPois    +         Reflect  .   (helmet restricted)
rElec    .         Harm     .   (no cloak)
rCorr    .         Rampage  .   (gloves unavailable)
Will     .....                  j - +0 pair of boots
Stlth    ..........             (no amulet)
HPRegen  0.20/turn              (no ring)
MPRegen  0.13/turn              (no ring)

@: no status effects
A: antennae 2, claws 3, foul stench 1, talons 1, cold resistance 1, passive
freeze, poison resistance
a: Renounce Religion, Draw Escape, Draw Destruction, Draw Summoning, Triple
Draw, Deal Four


You were on level 7 of the Dungeon.
You worshipped Nemelex Xobeh.
Nemelex Xobeh was greatly pleased with you.
You visited 2 branches of the dungeon, and saw 8 of its levels.

You collected 242 gold pieces.

Inventory:

Hand Weapons
 n - a +0 hand axe
Armour
 d - a +1 chain mail (worn)
 j - a +0 pair of boots (worn)
Jewellery
 h - a ring of fire
Wands
 c - a wand of mindburst (9)
 o - a wand of acid (10)
 p - a wand of digging (5)
Scrolls
 a - 4 scrolls of enchant armour
 e - 2 scrolls of amnesia
 g - a scroll of identify
Potions
 b - a potion of flight
 f - 3 potions of haste
 i - a potion of magic
 k - 2 potions of invisibility
 l - a potion of curing
 m - a potion of heal wounds
 q - a potion of mutation


   Skills:
 + Level 5.4 Fighting
 - Level 2.9 Long Blades
 + Level 4.0 Armour
 + Level 5.0 Dodging
 - Level 1.7 Stealth
 * Level 5.8 Unarmed Combat
 + Level 5.4 Invocations


You had 7 spell levels left.
You didn't know any spells.
Your spell library contained the following spells:

 Spells                   Type           Power      Damage    Failure   Level
 Blink                    Tloc           N/A        N/A       100%        2
 Static Discharge         Conj/Air       0%         N/A       100%        2
 Lightning Bolt           Conj/Air       0%         1d11      100%        5
 Manifold Assault         Tloc           0%         N/A       100%        5
 Storm Form               Tmut/Air       0%         N/A       100%        7
 Maxwell's Capacitive Co  Air            0%         ∞         100%        8


Dungeon Overview and Level Annotations

Branches:
Dungeon (7/15)             Temple (1/1) D:5

Altars:
Ashenzari
Cheibriados
Dithmenos
Elyvilon
Fedhas
Gozag
Hepliaklqana
Kikubaaqudgha
Makhleb
Nemelex Xobeh
Okawaru
Qazlal
Ru
Trog
Uskayaw
Vehumet
Wu Jian
Xom
Yredelemnul
Zin

Annotations:
D:5 3 runed translucent doors, velxir3's ghost, weakling HuDe


Innate Abilities, Weirdness & Mutations

You have a pair of antennae on your head.
You have claws for hands.
You may rarely emit foul miasma when damaged in melee.
You have sharp toenails.
Your flesh is cold resistant. (rC+)
A frigid envelope surrounds you and freezes all who hurt you.
Your system is resistant to poisons. (rPois)


Message History

You destroy the killer bee zombie!
You open the door.
There is an open door here.
You open the door.
There is an open door here.
You open the door.
There is an open door here.
You sense a monster nearby.
You now have 242 gold pieces (gained 15).
You open the large door.
A cyclops comes into view.
The cyclops shouts!
There is a large open door here.
You scratch the cyclops.
The cyclops is lightly wounded.
The cyclops hits you but does no damage.
The cyclops is very cold.
The cyclops is moderately wounded.
You barely miss the cyclops.
The cyclops is moderately wounded.
You scratch the cyclops but do no damage.
The cyclops is moderately wounded.
The cyclops hits you!!
The cyclops is very cold.
The cyclops is heavily wounded.
You scratch the cyclops.
The cyclops is heavily wounded.
The cyclops barely misses you.
You scratch the cyclops.
The cyclops is heavily wounded.
You scratch the cyclops.
The cyclops is heavily wounded.
The cyclops hits you!!
* * * LOW HITPOINT WARNING * * *
The cyclops is very cold.
The cyclops is severely wounded.
You scratch the cyclops but do no damage.
The cyclops is severely wounded.
The cyclops hits you!!
You die...
Your body glows with a rainbow of weird colours and disappears.

.........###.#...
.........#...#..
.........#...#.####++###
.........###'#.#....§§§.
...............#.....§..
...............#..≈.§§..
....#####......'...#§§..
....# #......'..≈.#...
....# #......#@.§≈.≈..
....# #......#C.......
....# #......#........
....# #......####++###
....# #......# #####...
#....


You could see a cyclops.

Vanquished Creatures
  A troll (D:7)
  Prince Ribbit (D:7)
  2 ice beasts (D:6)
  A necrophage (D:4)
  2 phantoms
  A scorpion (D:5)
  A water moccasin zombie (D:5)
  2 wyvern skeletons (D:6)
  An electric eel (D:6)
  2 centaur zombies (D:6)
  A jelly (D:5)
  2 orc priests (D:5)
  A centaur skeleton (D:3)
  An iguana (D:6)
  Natasha (thrice) (D:3)
  5 orc wizards
  A killer bee zombie (D:7)
  3 gnolls (D:6)
  8 adders
  A white imp (D:6)
  An ufetubus (D:5)
  2 worms (D:3)
  3 dart slugs
  16 orcs
  6 ball pythons
  15 endoplasms
  3 giant cockroaches (D:1)
  10 goblins
  7 hobgoblins
  3 jackals (D:2)
  4 quokkas
  7 bats
  4 frilled lizards
  6 kobolds
  7 rats
134 creatures vanquished.

Notes
Turn   | Place    | Note
-------+----------+-------------------------------------------
     0 | D:1      | Spaninq the Demonspawn Monk began the quest for the Orb.
     0 | D:1      | Reached XP level 1. HP: 18/18 MP: 1/1
   300 | D:1      | Gained mutation: You have sharp fingernails. [demonic
                  | ancestry]
   300 | D:1      | Reached XP level 2. HP: 24/24 MP: 2/2
   940 | D:1      | Reached XP level 3. HP: 9/29 MP: 3/3
  1325 | D:1      | Reached skill level 1 in Armour
  1325 | D:1      | Reached skill level 1 in Unarmed Combat
  2456 | D:2      | Gained mutation: You have very sharp fingernails. [demonic
                  | ancestry]
  2456 | D:2      | Reached XP level 4. HP: 30/35 MP: 4/4
  2657 | D:2      | Found a faded altar of an unknown god.
  2664 | D:2      | Became a worshipper of Nemelex Xobeh the Trickster
  2664 | D:2      | Reached * piety under Nemelex Xobeh
  2664 | D:2      | Received a gift from Nemelex Xobeh
  2664 | D:2      | Received a gift from Nemelex Xobeh
  2664 | D:2      | Reached ** piety under Nemelex Xobeh
  3273 | D:3      | Reached *** piety under Nemelex Xobeh
  3391 | D:3      | Reached skill level 1 in Invocations
  3483 | D:3      | Noticed Natasha
  3501 | D:3      | Killed Natasha
  3502 | D:3      | Gained mutation: You have claws for hands. [demonic
                  | ancestry]
  3502 | D:3      | Reached XP level 5. HP: 8/41 MP: 4/6
  3867 | D:3      | Found a bloodstained altar of Trog.
  3868 | D:3      | Noticed Natasha
  3876 | D:3      | Killed Natasha
  3883 | D:3      | Noticed Natasha
  3891 | D:3      | Gained mutation: You have large cloven feet. [potion of
                  | mutation]
  3891 | D:3      | Gained mutation: Your flesh is cold resistant. (rC+)
                  | [potion of mutation]
  3891 | D:3      | Gained mutation: Armour fits poorly on your strangely
                  | shaped body. [potion of mutation]
  3892 | D:3      | Killed Natasha
  4166 | D:3      | Lost mutation: You have large cloven feet. [potion of
                  | mutation]
  4166 | D:3      | Lost mutation: Armour fits poorly on your strangely shaped
                  | body. [potion of mutation]
  4166 | D:3      | Gained mutation: Your system is resistant to poisons.
                  | (rPois) [potion of mutation]
  4166 | D:3      | Gained mutation: You have sharp toenails. [potion of
                  | mutation]
  4166 | D:3      | Gained mutation: You have a pair of small horns on your
                  | head. [potion of mutation]
  4166 | D:3      | Gained mutation: A frigid envelope surrounds you and
                  | freezes all who hurt you. [potion of mutation]
  4178 | D:3      | Received a gift from Nemelex Xobeh
  4485 | D:3      | Found a burning altar of Makhleb.
  4734 | D:4      | Noticed a necrophage
  4740 | D:4      | Killed a necrophage
  4741 | D:4      | Lost mutation: You have a pair of small horns on your head.
                  | [demonic ancestry]
  4741 | D:4      | Gained mutation: You have a pair of small antennae on your
                  | head. [demonic ancestry]
  4741 | D:4      | Reached XP level 6. HP: 48/48 MP: 7/7
  5001 | D:4      | Received a gift from Nemelex Xobeh
  5412 | D:4      | Received a gift from Nemelex Xobeh
  5669 | D:5      | Entered Level 5 of the Dungeon
  5727 | D:5      | Gained mutation: You have a pair of antennae on your head.
                  | [demonic ancestry]
  5727 | D:5      | Reached XP level 7. HP: 46/54 MP: 9/9
  5874 | D:5      | Found a runed translucent gate.
  5874 | D:5      | Found a runed translucent gate.
  5874 | D:5      | Found a runed translucent gate.
  5875 | D:5      | Noticed velxir3's ghost (weakling HuDe)
  5906 | D:5      | Found a staircase to the Ecumenical Temple.
  6029 | Temple   | Entered the Ecumenical Temple
  6373 | D:5      | Reached **** piety under Nemelex Xobeh
  6569 | D:5      | Found an ancient bone altar of Kikubaaqudgha.
  6813 | D:5      | Identified the +2 ring mail "Goddyfust" {rElec Str-2 Int+2
                  | Dex+6}
  7212 | D:6      | Received a gift from Nemelex Xobeh
  7404 | D:6      | Gained mutation: You may rarely emit foul miasma when
                  | damaged in melee. [demonic ancestry]
  7404 | D:6      | Reached XP level 8. HP: 52/61 MP: 11/11
  7652 | D:6      | Reached skill level 5 in Unarmed Combat
  7886 | D:6      | Found a stormy altar of Qazlal.
  7888 | D:6      | Found an iron altar of Okawaru.
  7890 | D:6      | Found a shimmering altar of Xom.
  7890 | D:6      | Found a broken altar of Ashenzari.
  7896 | D:6      | Reached skill level 5 in Fighting
  8492 | D:7      | Noticed a troll
  8496 | D:7      | Killed a troll
  8497 | D:7      | Reached skill level 5 in Invocations
  8625 | D:7      | Noticed Prince Ribbit
  8650 | D:7      | Killed Prince Ribbit
  8651 | D:7      | Reached skill level 5 in Dodging
  8822 | D:7      | Noticed a cyclops
  8830 | D:7      | Slain by a cyclops

Illustrated notes

Levels and vault maps discovered:
D:1:      lemuel_arrival_hallway, layout_loops_ring, glass_columns_b
D:2:      layout_rooms, dilly_ecumenical_altar_fadedgnrine
D:3:      minmay_thinvault, layout_loops_ring,
          mainiacjoe_overflow_surrounded_room, lightli_temple_of_fire,
          minmay_misc_feat_more_columns, uniq_natasha
D:4:      layout_layer_cave, minmay_misc_feat_nine_boxes
D:5:      layout_loops_ring, kennysheep_mini, temple_fountains,
          gammafunk_ghost_necromancy
D:6:      layout_rooms, mainiacjoe_overflow_boulevard, doesnt_xom_only_xom,
          water_boxes_lemuel
D:7:      layout_gridville, kennysheep_generic_room_4, uniq_prince_ribbit1,
          uniq_joseph, uniq_duvessa
Temple:   eino_temple_water

Skill      XL: |  1  2  3  4  5  6  7  8 |
---------------+-------------------------+-----
Armour         | 1 2 3 4 |  4.0
Unarmed Combat | 1 2 3 4 5 |  5.8
Dodging        | 3 4 5 |  5.0
Invocations    | 1 2 3 4 5 |  5.4
Fighting       | 4 5 |  5.4
Long Blades    | |  2.9
Stealth        | |  1.7

Action                   |  1- 3 |  4- 6 |  7- 9 || total
-------------------------+-------+-------+-------++-------
Melee: Falchion          |   128 |       |       ||   128
       Punch             |     2 |     2 |     3 ||     7
       Unarmed           |       |   156 |   116 ||   272
       Kick              |       |    11 |    21 ||    32
       Headbutt          |       |     4 |       ||     4
Invok: Draw Destruction  |       |     3 |     1 ||     4
       Draw Escape       |       |     2 |       ||     2
  Use: Potion            |     1 |     3 |       ||     4
       Scroll            |       |     6 |     9 ||    15
 Stab: Sleeping          |     5 |     1 |       ||     6
Armor: Robe              |    22 |       |       ||    22
       Ring mail         |       |    33 |       ||    33
       Chain mail        |       |    16 |    55 ||    71
Dodge: Dodged            |   106 |    85 |    32 ||   223
       Rpst.: Falchion   |    33 |       |       ||    33
